 Dungeon Crawl Stone Soup version 0.26.1-2-gb8aa6d0cf2 (webtiles) character file.

Game seed: 3435779771690570521

33783 Kolguev the Severer (level 13, -10/187 HPs)
             Began as a Minotaur Berserker on Feb 20, 2021.
             Was a High Priest of Trog.
             Mangled by an ettin
             ... wielding a +0 dire flail
              (27 damage)
             ... on level 10 of the Dungeon.
             The game lasted 01:18:47 (15670 turns).

Kolguev the Severer (Minotaur Berserker)           Turns: 15670, Time: 01:18:48

Health: -10/187    AC: 25    Str: 31    XL:     13   Next: 38%
Magic:  12/12      EV:  9    Int:  8    God:    Trog [*****.]
Gold:   1253       SH: 11    Dex: 12    Spells: 12/12 levels left

rFire    . . .     SeeInvis .   M - +5 broad axe (vorpal)
rCold    + . .     Faith    +   W - +0 kite shield {reflect}
rNeg     . . .     Spirit   .   e - +2 plate armour {rC+}
rPois    .         Reflect  +   (helmet restricted)
rElec    +         Harm     .   A - +0 cloak
rCorr    +         Rampage  .   (no gloves)
Will     .....                  B - +2 pair of boots of Temperance {Int+4}
Stlth    ..........             h - amulet of faith
HPRegen  0.41/turn              H - ring "Eruaduthriut" {+Fly rCorr Str+4 Dex+2}
MPRegen  0.13/turn              z - +4 ring of slaying

@: berserking, very quick
A: retaliatory headbutt, horns 2, slimy green scales 1, screaming 1, electricity
resistance
a: Renounce Religion, Evoke Flight, Berserk, Trog's Hand, Brothers in Arms


You were on level 10 of the Dungeon.
You worshipped Trog.
Trog was extremely pleased with you.
You visited 3 branches of the dungeon, and saw 17 of its levels.
You also visited: Ossuary and Gauntlet.

You collected 1253 gold pieces.

Inventory:

Hand Weapons
 n - a +1 vorpal battleaxe
 M - a +5 vorpal broad axe (weapon)
Missiles
 v - 63 poisoned darts
 Q - 16 silver javelins
Armour
 e - a +2 plate armour of cold resistance (worn)
 t - a +0 scale mail of cold resistance
 A - a +0 cloak (worn)
 B - the +2 pair of boots of Temperance (worn) {Int+4}
   (You found it on level 7 of the Dungeon)

   It affects your intelligence (+4).
 E - +1 acid dragon scales
 V - a +0 leather armour
 W - a +0 kite shield of reflection (worn)
Jewellery
 b - an uncursed amulet of guardian spirit {unknown}
 g - an uncursed ring of ice
 h - an amulet of faith (around neck)
 m - an uncursed ring of see invisible
 z - a +4 ring of slaying (right hand)
 H - the ring "Eruaduthriut" (left hand) {+Fly rCorr Str+4 Dex+2}
   (You found it in a Gauntlet)

   [ring of resist corrosion]

   It affects your strength (+4).
   It affects your dexterity (+2).
   It lets you fly.
   It provides partial protection from all sources of acid and corrosion.
 R - an uncursed ring of positive energy
Wands
 c - a wand of paralysis (27)
 k - a wand of polymorph (11)
 u - a wand of enslavement (12)
 D - a wand of iceblast (7)
 K - a wand of acid (16)
Scrolls
 a - a scroll of magic mapping
 i - 7 scrolls of teleportation
 r - a scroll of brand weapon
 x - a scroll of blinking
 y - 2 scrolls of enchant armour
 C - 2 scrolls of remove curse
 F - 8 scrolls of identify
 G - 6 scrolls of immolation
 J - 3 scrolls of fog {unknown}
 O - a scroll of holy word {unknown}
 T - a scroll of enchant weapon
 X - a scroll of fear {unknown}
 Y - a scroll of random uselessness {unknown}
 Z - 2 scrolls of summoning {unknown}
Potions
 d - 8 potions of curing
 f - 4 potions of might
 j - 2 potions of haste
 l - 7 potions of flight
 o - 5 potions of magic
 p - a potion of ambrosia {unknown}
 q - 6 potions of heal wounds
 s - 2 potions of mutation
 w - 2 potions of resistance
 L - 2 potions of attraction
 N - a potion of invisibility {unknown}
 S - 2 potions of lignification {unknown}


   Skills:
 + Level 14.3 Fighting
 - Level 16.0 Axes
 - Level 14.0 Armour
 - Level 6.0 Dodging
 * Level 6.7 Shields


You had 12 spell levels left.
You didn't know any spells.
Your spell library contained the following spells:

 Spells                   Type           Power        Failure   Level
 Apportation              Tloc           0%           100%        1
 Sting                    Tmut/Pois      0%           100%        1
 Corpse Rot               Necr/Air       N/A          100%        2
 Poisonous Vapours        Pois/Air       0%           100%        2
 Ignite Poison            Fire/Tmut/Pois 0%           100%        3
 Lesser Beckoning         Tloc           0%           100%        3
 Mephitic Cloud           Conj/Pois/Air  0%           100%        3
 Stone Arrow              Conj/Erth      0%           100%        3
 Tukima's Dance           Hex            0%           100%        3
 Olgreb's Toxic Radiance  Pois           0%           100%        4
 Alistair's Intoxication  Tmut/Pois      0%           100%        5
 Summon Forest            Summ/Tloc      0%           100%        5
 Eringya's Noxious Bog    Tmut/Pois      0%           100%        6
 Hydra Form               Tmut           0%           100%        6
 Invisibility             Hex            0%           100%        6
 Summon Hydra             Summ           0%           100%        7


Dungeon Overview and Level Annotations

Branches:
Dungeon (15/15)            Temple (1/1) D:4            Lair (0/6) D:9
    Orc (1/2) D:10         Depths (0/5) D:15        Ossuary (visited)
Gauntlet (visited)
 Vaults: D:13-14

Altars:
Ashenzari
Cheibriados
Dithmenos
Elyvilon
Fedhas
Gozag
Hepliaklqana
Kikubaaqudgha
Makhleb
Nemelex Xobeh
Okawaru
Qazlal
Ru
Sif Muna
Trog
Uskayaw
Vehumet
Wu Jian
Xom
Yredelemnul
Zin
The Shining One

Annotations:
D:13 exclusion: obsidian statue


Innate Abilities, Weirdness & Mutations

You reflexively headbutt those who attack you in melee.
You have a pair of horns on your head.
You are partially covered in slimy green scales. (AC +2)
You occasionally shout uncontrollably at your foes.
You are resistant to electric shocks. (rElec)


Message History

There is a staircase to the Orcish Mines here.
Blink to where?
Press: ? - help, Dir - move target
As you read the scroll of blinking, it crumbles to dust.
The orc barely misses you. You furiously retaliate!
You headbutt the orc!
You kill the orc!
Trog accepts your kill.
Unknown command.
Your ogre goes berserk!
Your ogre hits the ettin with a cursed +0 giant spiked club!
Your ogre hits the ettin with a cursed +0 giant spiked club!!
The ettin hits your ogre with a +0 dire flail!!
The ettin hits your ogre with a +0 dire flail!
Your ogre dies!
Your ogre's corpse disappears in a puff of smoke!
You fail to use your ability.
A red film seems to cover your vision as you go berserk!
You feel yourself moving faster!
You feel mighty!
The ettin hits you with a +0 dire flail!!
You die...

#.##################
#............#...... ####
#.##########.#.##### ...#
#.########..)..#.... ##.#
#.#.)ยง[..#.#.###.#.. #.#
########.#.####.#.#.# #.#)#
#.####.............#.#.#.# #.#.#
#.)..#.######.#C.#.#.#.#.# #.#.#
#....#......#..@.#.#.#.#.###.#..
#....#......#....#.#.#.#.#...###
##....#......#....#.#.#.#.#......
.#....#........#'##.#.#.#.#######
.#...............##.#...#........
.#..............<##.#############
.........###......#.....^........
..........#.........#############
.#.....#..#..#.......###


You could see an ettin.

Vanquished Creatures
  A hydra (D:13)
  A boulder beetle (D:11)
  Erolcha (D:9)
  4 centaur warriors
  2 two-headed ogres
  A tengu warrior (D:12)
  A death yak (D:13)
  3 unseen horrors
  4 cyclopes
  2 ugly things
  2 manticores (D:11)
  A gargoyle (D:14)
  A minotaur zombie (Gauntlet)
  Maggie (D:6)
  A centaur skeleton (D:13)
  A kobold demonologist (D:11)
  Grinder (D:4)
  A meliai (D:13)
  5 trolls
  A polar bear (D:13)
  6 slime creatures
  A blink frog (shapeshifter) (D:12)
  7 centaur simulacra
  2 redbacks (D:15)
  A tarantella (D:15)
  A water elemental (D:13)
  2 wyverns
  2 shadows (D:11)
  Eustachio (D:4)
  A steam dragon (D:12)
  9 yaks
  3 vampire mosquitoes
  Edmund (D:4)
  A hydra simulacrum (Gauntlet)
  A soldier ant (D:13)
  A water moccasin (D:13)
  6 ice beasts
  4 orc warriors
  6 sky beasts
  2 black bears
  5 necrophages
  8 ogres
  A wolf (D:13)
  25 centaurs
  3 big kobolds
  15 bullfrogs
  A wyvern zombie (D:11)
  A hornet simulacrum (Gauntlet)
  21 killer bees
  4 scorpions
  4 howler monkeys
  9 wights (D:11)
  3 electric eels (D:13)
  8 centaur zombies
  2 wyvern simulacra
  5 bullfrog zombies
  12 jellies
  6 orc priests
  2 bullfrog skeletons
  8 hounds
  A gnoll shaman (D:4)
  11 orc wizards
  4 iguanas
  Natasha (thrice) (D:2)
  6 worker ants
  A killer bee zombie (Ossuary)
  2 bullfrog simulacra (Gauntlet)
  12 mummies
  3 hound zombies
  Robin (D:3)
  14 gnolls
  4 worker ant zombies
  8 adders
  5 shadow imps
  4 white imps
  3 ufetubi
  15 oozes
  An adder zombie (Ossuary)
  An adder skeleton (D:6)
  3 worms
  4 dart slugs
  5 leopard geckos
  54 orcs
  5 bats
  7 giant cockroaches
  12 goblins (D:3)
  6 hobgoblins
  7 jackals (D:9)
  19 kobolds
  5 quokkas
  4 ball pythons
  5 frilled lizards
  A giant cockroach zombie (Ossuary)
  3 quokka zombies
  6 rats
481 creatures vanquished.

Vanquished Creatures (collateral kills)
  A minotaur (Gauntlet)
  A hydra (D:14)
  A gargoyle (D:10)
  2 centaur skeletons (D:13)
  An efreet (D:14)
  A meliai (D:13)
  A polar bear (D:13)
  An ice beast (D:13)
  2 mummies (Ossuary)
  A hound zombie (Ossuary)
12 creatures vanquished.

Vanquished Creatures (others)
  10 fungi
  4 plants (D:9)
  10 withered plants (Ossuary)
24 creatures vanquished.

Grand Total: 517 creatures vanquished

Notes
Turn   | Place    | Note
-------+----------+-------------------------------------------
     0 | D:1      | Kolguev the Minotaur Berserker began the quest for the Orb.
     0 | D:1      | Reached XP level 1. HP: 19/19 MP: 0/0
    43 | D:1      | Reached skill level 4 in Axes
    43 | D:1      | Reached XP level 2. HP: 15/27 MP: 1/1
  1023 | D:2      | Reached XP level 3. HP: 33/33 MP: 2/2
  1116 | D:2      | Noticed Natasha
  1121 | D:2      | Killed Natasha
  1182 | D:2      | Reached XP level 4. HP: 37/41 MP: 3/3
  1185 | D:2      | Reached ** piety under Trog
  1276 | D:2      | Noticed Natasha
  1277 | D:2      | Reached skill level 5 in Axes
  1284 | D:2      | Killed Natasha
  1285 | D:2      | Reached XP level 5. HP: 47/47 MP: 4/4
  1496 | D:2      | Reached skill level 5 in Fighting
  1583 | D:2      | Noticed Natasha
  1587 | D:2      | Killed Natasha
  1682 | D:2      | Reached skill level 6 in Axes
  1683 | D:2      | Reached XP level 6. HP: 26/56 MP: 5/5
  2171 | D:3      | Reached *** piety under Trog
  2307 | D:3      | Noticed Robin
  2322 | D:3      | Killed Robin
  2576 | D:3      | Found a blossoming altar of Fedhas.
  2670 | D:4      | Reached **** piety under Trog
  2704 | D:4      | Noticed Edmund
  2719 | D:4      | Killed Edmund
  2720 | D:4      | Reached skill level 7 in Axes
  2720 | D:4      | Reached XP level 7. HP: 62/62 MP: 6/6
  2784 | D:4      | Reached skill level 5 in Armour
  2818 | D:4      | Found a staircase to the Ecumenical Temple.
  2879 | D:4      | Reached skill level 8 in Axes
  2930 | D:4      | Noticed Eustachio
  2935 | D:4      | Killed Eustachio
  2936 | D:4      | Reached XP level 8. HP: 71/71 MP: 7/7
  3195 | D:4      | Noticed Grinder
  3203 | D:4      | Killed Grinder
  3205 | D:4      | Reached skill level 9 in Axes
  3600 | Temple   | Entered the Ecumenical Temple
  3831 | D:5      | Entered Level 5 of the Dungeon
  3961 | D:5      | Reached ***** piety under Trog
  3968 | D:5      | Gained mutation: You are resistant to electric shocks.
                  | (rElec) [potion of mutation]
  3968 | D:5      | Gained mutation: You occasionally shout uncontrollably at
                  | your foes. [potion of mutation]
  3968 | D:5      | Gained mutation: You are partially covered in slimy green
                  | scales. (AC +2) [potion of mutation]
  4354 | D:5      | Found a sand-covered staircase.
  4362 | Ossuary  | Entered an ossuary
  4678 | Ossuary  | Reached skill level 10 in Axes
  4743 | Ossuary  | Reached XP level 9. HP: 72/80 MP: 8/8
  5404 | D:5      | You fall into a shaft and drop 3 floors!
  5436 | D:7      | Got a pair of translucent boots
  5459 | D:7      | Identified the +2 pair of boots of Temperance {Int+4} (You
                  | found it on level 7 of the Dungeon)
  5782 | D:6      | Received a gift from Trog
  5783 | D:6      | Reached skill level 11 in Axes
  5905 | D:6      | Noticed Maggie
  5922 | D:6      | Killed Maggie
  7384 | D:8      | Found a blossoming altar of Fedhas.
  7579 | D:8      | Noticed a cyan ugly thing
  7601 | D:8      | Killed a cyan ugly thing
  7602 | D:8      | Reached skill level 12 in Axes
  7602 | D:8      | Reached XP level 10. HP: 91/91 MP: 9/9
  8204 | D:9      | Noticed Erolcha
  8218 | D:9      | Killed Erolcha
  8219 | D:9      | Reached skill level 5 in Dodging
  8286 | D:9      | Reached skill level 13 in Axes
  8402 | D:9      | Noticed a two-headed ogre
  8412 | D:9      | Killed a two-headed ogre
  8559 | D:9      | Received a gift from Trog
  8560 | D:9      | Reached skill level 10 in Fighting
  9080 | D:9      | Found a staircase to the Lair.
  9263 | D:10     | Entered Level 10 of the Dungeon
  9295 | D:10     | Noticed a centaur warrior
  9299 | D:10     | Reached skill level 10 in Armour
  9310 | D:10     | Noticed a gargoyle
  9318 | D:10     | Killed a gargoyle
  9319 | D:10     | Reached XP level 11. HP: 47/100 MP: 10/10
  9570 | D:10     | Found a staircase to the Orcish Mines.
  9639 | D:10     | Reached skill level 14 in Axes
  9666 | D:10     | Noticed a centaur warrior
  9847 | D:10     | Killed a centaur warrior
  9848 | D:10     | Killed a centaur warrior
  9889 | D:10     | Received a gift from Trog
 10310 | D:10     | Noticed an unseen horror
 10319 | D:10     | Killed an unseen horror
 10395 | D:10     | Noticed a sea snake
 10932 | Orc:1    | Entered Level 1 of the Orcish Mines
 10932 | Orc:1    | Noticed an orc knight
 11060 | Orc:1    | Noticed an orc sorcerer
 11061 | Orc:1    | Noticed an ettin
 11108 | D:11     | Reached skill level 15 in Axes
 11133 | D:11     | Noticed a two-headed ogre
 11138 | D:11     | Killed a two-headed ogre
 11328 | D:11     | Noticed an unseen horror
 11332 | D:11     | Killed an unseen horror
 11343 | D:11     | Received a gift from Trog
 11375 | D:11     | Noticed a cyan ugly thing
 11383 | D:11     | Killed a cyan ugly thing
 11384 | D:11     | Reached XP level 12. HP: 110/110 MP: 11/11
 11622 | D:11     | Noticed a boulder beetle
 11634 | D:11     | Killed a boulder beetle
 11765 | D:11     | You fall into a shaft and drop 3 floors!
 11768 | D:14     | Reached skill level 16 in Axes
 11962 | D:13     | Noticed a death yak
 12242 | D:12     | Found a gate leading to a gauntlet.
 12247 | Gauntlet | Entered a Gauntlet
 12247 | Gauntlet | Found a transporter.
 12247 | Gauntlet | Found a transporter.
 12355 | Gauntlet | Found a transporter.
 12356 | Gauntlet | Found a transporter.
 12368 | Gauntlet | Found a transporter.
 12371 | Gauntlet | Noticed a balrug
 12372 | Gauntlet | Found a transporter.
 12376 | Gauntlet | Found a transporter.
 12393 | Gauntlet | Found a transporter.
 12407 | Gauntlet | Found a transporter.
 12411 | Gauntlet | Found a transporter.
 12413 | Gauntlet | Noticed a death scarab
 12419 | Gauntlet | Found a transporter.
 12423 | Gauntlet | Found a transporter.
 12486 | Gauntlet | Got a pitted pewter ring
 12492 | Gauntlet | Identified the ring "Eruaduthriut" {+Fly rCorr Str+4 Dex+2}
                  | (You found it in a Gauntlet)
 12562 | Gauntlet | Received a gift from Trog
 12598 | Gauntlet | Noticed a minotaur
 12607 | Gauntlet | Killed a minotaur
 12928 | D:12     | Noticed a tengu warrior
 12941 | D:12     | Killed a tengu warrior
 13334 | D:12     | Reached skill level 1 in Shields
 13623 | D:13     | Killed a death yak
 13710 | D:13     | Noticed an eight-headed hydra
 13719 | D:13     | Killed a nine-headed hydra
 14017 | D:13     | You fall into a shaft and drop 2 floors!
 14017 | D:15     | Entered Level 15 of the Dungeon
 14023 | D:15     | Reached XP level 13. HP: 122/122 MP: 12/12
 14435 | D:14     | Received a gift from Trog
 14562 | D:13     | Reached skill level 5 in Shields
 15660 | Orc:1    | Paralysed by an orc sorcerer for 2 turns
 15670 | D:10     | Mangled by an ettin

Illustrated notes

Levels and vault maps discovered:
D:1:      saegor_arrival_simple_c, layout_basic
D:2:      layout_loops_ring, uniq_natasha
D:3:      layout_rooms, general_overflow_altar, uniq_robin
D:4:      cheibrodos_helix_gallery, layout_loops_ring,
          minmay_temple_entry_sparse_star, minmay_crystal_room, uniq_edmund,
          uniq_grinder, uniq_eustachio
D:5:      layout_gridville, gup_ossuary_entry_pyramid, hangedman_decor_growths
D:6:      layout_basic, uniq_maggie
D:7:      layout_rooms, minmay_misc_feat_x, grunt_ministairs_12
D:8:      layout_loops_ring, fedhas_altar_3
D:9:      layout_irregular_city, dpeg_oklobed_lair, uniq_erolcha
D:10:     hangedman_cross_cluster, layout_basic, serial_aquarium,
          aquarium_bridge_square [aquarium_subvault_bridge,
          aquarium_subvault_wall, aquarium_subvault_bridge,
          aquarium_subvault_bridge], aquarium_window_fake,
          aquarium_window_corner, aquarium_window_corridor_1, aquarium_view_4,
          aquarium_balcony_1b, aquarium_pool_five
D:11:     lemuel_slime, layout_gridville, serial_undead, serial_undead_b,
          serial_undead_f, serial_undead_b, serial_undead_a,
          minmay_misc_feat_alley
D:12:     layout_gridville, gauntlet_entry_generic
D:13:     minmay_statue_hallways, layout_basic, serial_ice, serial_ice_f,
          serial_ice_i, serial_ice_n, serial_ice_m, serial_ice_b,
          chequers_garden, minmay_misc_feat_chi
D:14:     layout_long_grid, hangedman_vaults_entry_quadrant_bands
D:15:     grunt_enter_depths_magical_seal, layout_basic, serial_park_gazebo
          [serial_park_minivault_5x5_8]
Temple:   minmay_crystal_snake_temple
Orc:1:    layout_caves

Skill      XL: |  1  2  3  4  5  6  7  8  9 10 11 12 13 |
---------------+----------------------------------------+-----
Fighting       | 4 5 6 7 9 10 11 13 14 | 14.3
Axes           | 4 5 6 7 8 10 12 13 15 16 | 16.0
Armour         | 3 4 5 7 8 10 11 14 | 14.0
Dodging        | 3 4 5 6 |  6.0
Shields        | 3 6 |  6.7

Action                   |  1- 3 |  4- 6 |  7- 9 | 10-12 | 13-15 || total
-------------------------+-------+-------+-------+-------+-------++-------
Melee: Hand axe          |    47 |   122 |   361 |   199 |       ||   729
       Headbutt          |     7 |    24 |    79 |    94 |    14 ||   218
       Battleaxe         |       |       |       |    77 |       ||    77
       Broad axe         |       |       |       |   172 |    79 ||   251
Invok: Berserk           |     2 |     8 |    18 |    21 |     4 ||    53
       Brothers in Arms  |       |       |     1 |     3 |     3 ||     7
       Trog's Hand       |       |       |     1 |     1 |       ||     2
  Use: Scroll            |       |       |    15 |     6 |     1 ||    22
       Potion            |       |       |     4 |       |       ||     4
 Stab: Sleeping          |       |       |     1 |       |       ||     1
Armor: Animal skin       |     5 |       |       |       |       ||     5
       Ring mail         |     2 |    36 |     2 |       |       ||    40
       Chain mail        |       |       |    96 |       |       ||    96
       Acid dragon scale |       |       |    22 |       |       ||    22
       Plate armour      |       |       |     3 |   309 |    74 ||   386
Dodge: Dodged            |    28 |    86 |   142 |   237 |    40 ||   533
Block: Kite shield       |       |       |       |    20 |    61 ||    81
       Reflection        |       |       |       |       |    15 ||    15
